 Dungeon Crawl Stone Soup version 0.29-a0-384-g6960b1960d (webtiles) character file.

Game seed: 1961872596338767568

1602 dolemite99 the Digger (level 8, -2/90 HPs)
             Began as a Gnoll Earth Elementalist on May 8, 2022.
             Was a Priest of Uskayaw.
             Slain by a gnoll
             ... wielding a +0 halberd
              (5 damage)
             ... on level 5 of the Dungeon.
             The game lasted 00:08:25 (7460 turns).

dolemite99 the Digger (Gnoll Earth Elementalist)    Turns: 7460, Time: 00:08:25

Health: -2/90      AC: 24    Str:  8    XL:     8   Next: 94%
Magic:  0/26       EV:  2    Int: 16    God:    Uskayaw [***...]
Gold:   213        SH:  0    Dex: 13    Spells: 15/19 levels left

rFire   . . .      SeeInvis .   a - staff of earth
rCold   . . .      Faith    .   (no shield)
rNeg    . . .      Spirit   .   (body armour currently unavailable)
rPois   +          Reflect  .   (helmet currently unavailable)
rElec   .          Harm     .   (cloak currently unavailable)
rCorr   .          Rampage  .   (gloves currently unavailable)
Will    +....      NoTele   +   (boots currently unavailable)
Stlth   +++.......              (no amulet)
HPRegen 0.25/turn               v - ring of magical power
MPRegen 0.20/turn               g - ring of willpower

@: mighty, tree-form
A: stationary, stasis, torment immunity, boosted hp, (fangs 1), strong nose,
distributed training
a: Renounce Religion, Stomp, Line Pass


You were on level 5 of the Dungeon.
You worshipped Uskayaw.
Uskayaw was noncommittal.
You were a tree.
You visited 1 branch of the dungeon, and saw 5 of its levels.

You collected 261 gold pieces.
You spent 48 gold pieces at shops.

Inventory:

Hand Weapons
 d - a +1 dire flail of holy wrath
 e - a +0 dagger
 r - a +2 dagger of holy wrath
 A - a +0 hunting sling of flaming
Missiles
 j - 5 javelins
 k - 7 poisoned darts
 x - 3 boomerangs
 C - 2 atropa-tipped darts
Armour
 b - a +0 robe (melded)
 f - a +0 pair of gloves
 z - a +0 pair of gloves
 B - a +0 leather armour
 D - a +1 pair of gloves (melded)
Magical Staves
 a - a staff of earth (weapon)
Jewellery
 g - a ring of willpower (right branch)
 l - a ring of ice
 v - a ring of magical power (left branch)
 G - a +6 ring of strength
Wands
 s - a wand of flame (39)
 u - a wand of paralysis (8)
 w - a wand of digging (10)
Scrolls
 m - a scroll of silence {unknown}
 n - a scroll of enchant armour {unknown}
 p - 4 scrolls of teleportation
 q - a scroll of fog
 y - a scroll of poison
Potions
 i - a potion of might
 t - 3 potions of brilliance
 E - a potion of attraction
 F - a potion of mutation {unknown}
 H - a potion of flight {unknown}


   Skills:
 + Level 3.7 Fighting
 + Level 3.7 Short Blades
 + Level 3.7 Long Blades
 + Level 3.7 Axes
 + Level 3.7 Maces & Flails
 + Level 3.7 Polearms
 + Level 3.7 Staves
 + Level 3.7 Slings
 + Level 3.7 Bows
 + Level 3.7 Crossbows
 + Level 3.7 Throwing
 + Level 3.7 Armour
 + Level 6.0 Dodging
 + Level 5.6 Stealth
 + Level 3.7 Shields
 + Level 3.7 Unarmed Combat
 + Level 6.3 Spellcasting
 + Level 3.0 Conjurations
 + Level 3.0 Hexes
 + Level 3.0 Summonings
 + Level 3.0 Necromancy
 + Level 3.0 Translocations
 + Level 3.8 Transmutations
 + Level 3.0 Fire Magic
 + Level 3.0 Ice Magic
 + Level 3.0 Air Magic
 + Level 6.3 Earth Magic
 + Level 3.0 Poison Magic
 + Level 4.1 Invocations
 + Level 3.7 Evocations


You had 15 spell levels left.
You knew the following spells:

 Your Spells              Type           Power      Damage    Failure   Level
a - Sandblast             Erth           74%        2d16      1%          1
b - Stone Arrow           Conj/Erth      60%        3d10      6%          3

Your spell library contained the following spells:

 Spells                   Type           Power      Damage    Failure   Level
 Passwall                 Tmut/Erth      25%        N/A       2%          2
 Shock                    Conj/Air       56%        1d6       3%          1
 Ensorcelled Hibernation  Hex/Ice        28%        N/A       6%          2
 Frozen Ramparts          Ice            28%        1d4       12%         3
 Swiftness                Air            14%        N/A       12%         3
 Petrify                  Tmut/Erth      31%        N/A       17%         4
 Ice Form                 Ice/Tmut       16%        N/A       32%         4
 Airstrike                Air            7%         N/A       36%         4
 Iskenderun's Mystic Bla  Conj/Tloc      14%        2d5       36%         4
 Passage of Golubria      Tloc           14%        N/A       36%         4
 Summon Ice Beast         Ice/Summ       14%        N/A       36%         4
 Metabolic Englaciation   Hex/Ice        7%         N/A       71%         5
 Malign Gateway           Summ/Tloc      7%         N/A       100%        7
 Summon Horrible Things   Summ           7%         N/A       100%        8


Dungeon Overview and Level Annotations

Branches:
Dungeon (5/15)             Temple (0/1) D:4

Altars:
Nemelex Xobeh
Uskayaw

Shops:
D:2 ?   D:5 [

Annotations:
D:3 2 transporters, sirJeffrey23's ghost, amateur HOMo


Innate Abilities, Weirdness & Mutations

You are a tree.
Your roots penetrate the ground, keeping you stationary.
You cannot be teleported.
You are immune to unholy pain and torment.
Your maximum health is greatly increased.
Your equipment is partially melded.
((You have very sharp teeth.))
Your uncanny sense of smell can sniff out nearby items.
Your experience applies equally to all skills.


Message History

The hound bites you but does no damage. x2; The gnoll hits you with a +0 club.
* * * LOW HITPOINT WARNING * * *
The gnoll hits you from afar with a +0 halberd!
* * * LOW HITPOINT WARNING * * *
The jackal completely misses you. The hound bites you but does no damage.
Uskayaw prepares the audience for your solo!
Unknown command.
The helpless gnoll fails to defend itself.
You hit the gnoll!
You kill the gnoll!
Uskayaw will force your foes to share their pain.
Uskayaw links your audience in an emotional bond!
The helpless jackal fails to defend itself.
You hit the jackal.
You shatter the jackal.
You kill the jackal!
The jackal is no longer paralysed.
The gnoll is no longer paralysed.
The hound is no longer paralysed. x2; The hound bites you but does no damage.
The jackal bites you.
* * * LOW HITPOINT WARNING * * *
The hound bites you but does no damage.
The gnoll hits you from afar with a +0 halberd.
* * * LOW HITPOINT WARNING * * *
The hound bites you.
* * * LOW HITPOINT WARNING * * *
The jackal bites you but does no damage.
Your Dodging skill increases to level 6!
You stomp with the beat, sending a shockwave through the revellers around you!
You kill the jackal!
The hound is heavily wounded. x2
The hound bites you.
* * * LOW HITPOINT WARNING * * *
The hound bites you but does no damage. The gnoll hits you but does no damage.
The hound bites you but does no damage.
Uskayaw will force your foes to share their pain.
You stomp with the beat, sending a shockwave through the revellers around you!
You kill the hound!
The hound is almost dead.
The hound bites you but does no damage.
The gnoll hits you from afar with a +0 halberd.
You die...

##### ####...###
.........########
.##.....###...<.##
..###.#..##......##
#..##.#..##....##.###
.##............#....# ###
♣.##............♣))## ###.#####
.####...#.##...h.†#######.......#
#.#.#...#.........g#..##.........
##.⌠.#.....##.........hhh....###.
###.#....##...........##...#.....
.####....#......#...)##..........
⌠.##..##.#.##...##...##..........
.##..##....###..##...##..h..##...
#...............#...)...hh..h#...


You could see a hound (pain bonded) and a gnoll (pain bonded).

Vanquished Creatures
  Edmund (D:4)
  A black bear (D:4)
  An ogre (D:5)
  2 wolves (D:5)
  A bullfrog (D:5)
  A scorpion (D:4)
  A necrophage (D:3)
  8 hounds (D:5)
  2 orc priests (D:5)
  A jelly (D:5)
  Ijyb (D:3)
  Jessica (D:2)
  4 iguanas
  6 orc wizards
  Natasha (thrice) (D:2)
  10 gnolls (D:5)
  6 adders
  A white imp (D:5)
  2 worms (D:2)
  A dart slug (D:3)
  21 orcs
  7 bats
  5 endoplasms
  6 giant cockroaches
  4 hobgoblins
  9 jackals
  5 kobolds
  5 quokkas
  4 ball pythons
  6 frilled lizards
  7 goblins
  5 rats
138 creatures vanquished.

Notes
Turn   | Place    | Note
-------+----------+-------------------------------------------
     0 | D:1      | dolemite99 the Gnoll Earth Elementalist began the quest for
                  | the Orb.
     0 | D:1      | Reached XP level 1. HP: 13/13 MP: 6/6
    19 | D:1      | Got the Reference Book on Warped Ice
   216 | D:1      | Reached XP level 2. HP: 19/19 MP: 5/7
   748 | D:2      | Reached XP level 3. HP: 21/25 MP: 7/9
   798 | D:2      | Noticed Jessica
   805 | D:2      | Reached skill level 5 in Spellcasting
   805 | D:2      | Killed Jessica
   806 | D:2      | Reached skill level 1 in Fighting
   806 | D:2      | Reached skill level 1 in Short Blades
   806 | D:2      | Reached skill level 1 in Long Blades
   806 | D:2      | Reached skill level 1 in Axes
   806 | D:2      | Reached skill level 1 in Maces & Flails
   806 | D:2      | Reached skill level 1 in Polearms
   806 | D:2      | Reached skill level 1 in Staves
   806 | D:2      | Reached skill level 1 in Slings
   806 | D:2      | Reached skill level 1 in Bows
   806 | D:2      | Reached skill level 1 in Crossbows
   806 | D:2      | Reached skill level 1 in Throwing
   806 | D:2      | Reached skill level 1 in Armour
   806 | D:2      | Reached skill level 1 in Shields
   806 | D:2      | Reached skill level 1 in Unarmed Combat
   806 | D:2      | Reached skill level 1 in Invocations
   806 | D:2      | Reached skill level 1 in Evocations
   852 | D:2      | Found Nebuaf's Magic Scroll Emporium.
   861 | D:2      | Bought a scroll of fog for 24 gold pieces
   861 | D:2      | Bought a scroll of identify for 24 gold pieces
   936 | D:2      | Reached XP level 4. HP: 32/32 MP: 11/11
   992 | D:2      | Found a faded altar of an unknown god.
   992 | D:2      | Noticed Natasha
  1000 | D:2      | Killed Natasha
  1012 | D:2      | Noticed Natasha
  1016 | D:2      | Killed Natasha
  1017 | D:2      | Reached skill level 1 in Conjurations
  1017 | D:2      | Reached skill level 1 in Hexes
  1017 | D:2      | Reached skill level 1 in Summonings
  1017 | D:2      | Reached skill level 1 in Necromancy
  1017 | D:2      | Reached skill level 1 in Translocations
  1017 | D:2      | Reached skill level 1 in Fire Magic
  1017 | D:2      | Reached skill level 1 in Ice Magic
  1017 | D:2      | Reached skill level 1 in Air Magic
  1017 | D:2      | Reached skill level 1 in Poison Magic
  1407 | D:2      | Prayed at the altar of an unknown god.
  1407 | D:2      | Became a worshipper of Uskayaw the Reveller
  1407 | D:2      | Reached * piety under Uskayaw
  1534 | D:2      | Reached ** piety under Uskayaw
  1535 | D:2      | Reached XP level 5. HP: 37/37 MP: 12/12
  1741 | D:2      | Noticed Natasha
  1747 | D:2      | Killed Natasha
  2180 | D:3      | Noticed Ijyb
  2187 | D:3      | Killed Ijyb
  2320 | D:3      | Reached XP level 6. HP: 41/44 MP: 10/13
  2458 | D:3      | Found a transporter.
  2461 | D:3      | Noticed sirJeffrey23's ghost (amateur HOMo)
  2468 | D:3      | Found a transporter.
  2469 | D:3      | Identified the +3 dire flail "Mirik" {vorpal, *Slow rF+
                  | Int+5 SInv}
  2747 | D:4      | Reached skill level 5 in Dodging
  2850 | D:4      | Reached *** piety under Uskayaw
  3093 | D:4      | Found a sparkling altar of Nemelex Xobeh.
  3408 | D:3      | HP: 1/44 [something (5)]
  3895 | D:4      | Reached XP level 7. HP: 43/50 MP: 8/15
  4070 | D:4      | Noticed Edmund
  4089 | D:4      | Reached **** piety under Uskayaw
  4094 | D:4      | Killed Edmund
  4094 | D:4      | Reached ***** piety under Uskayaw
  4487 | D:4      | Found a staircase to the Ecumenical Temple.
  4633 | D:4      | Reached skill level 5 in Stealth
  4885 | D:5      | Entered Level 5 of the Dungeon
  4928 | D:5      | Learned a level 3 spell: Stone Arrow
  5147 | D:5      | Reached XP level 8. HP: 57/57 MP: 9/16
  6785 | D:5      | Found Tesiyceu's Armour Emporium.
  7459 | D:5      | HP: 3/90 [hound (2)]
  7460 | D:5      | Slain by a gnoll

Illustrated notes

Levels and vault maps discovered:
D:1:      ncdulo_wetmaze, layout_rooms
D:2:      layout_loops_ring, ebering_ecumenical_altar_hall, serial_shops, shop,
          grunt_decor_arrowhead, minmay_misc_feat_rugged, uniq_natasha,
          uniq_jessica
D:3:      layout_basic, gammafunk_ghost_smash, uniq_ijyb
D:4:      layout_loops_ring, mainiacjoe_overflow_24_doors,
          minmay_temple_entry_drinking_statues, uniq_edmund
D:5:      layout_cave_pools, mainiacjoe_overflow_alcove_2, serial_gnoll_camp,
          gnoll_camp_mini_shop, gnoll_camp_mini_loothouse,
          gnoll_camp_mini_sergeant, gnoll_camp_mini_doghouse,
          gnoll_camp_medium_02, gnoll_camp_mini_doghouse,
          grunt_decor_mini_mirrors

Skill      XL: |  1  2  3  4  5  6  7  8 |
---------------+-------------------------+-----
Transmutations | 2 3 |  3.8
Spellcasting   | 5 6 |  6.3
Fighting       | 1 2 3 |  3.7
Short Blades   | 1 2 3 |  3.7
Long Blades    | 1 2 3 |  3.7
Axes           | 1 2 3 |  3.7
Maces & Flails | 1 2 3 |  3.7
Polearms       | 1 2 3 |  3.7
Staves         | 1 2 3 |  3.7
Slings         | 1 2 3 |  3.7
Bows           | 1 2 3 |  3.7
Crossbows      | 1 2 3 |  3.7
Throwing       | 1 2 3 |  3.7
Armour         | 1 2 3 |  3.7
Shields        | 1 2 3 |  3.7
Unarmed Combat | 1 2 3 |  3.7
Invocations    | 1 2 3 4 |  4.1
Evocations     | 1 2 3 |  3.7
Conjurations   | 1 2 3 |  3.0
Hexes          | 1 2 3 |  3.0
Summonings     | 1 2 3 |  3.0
Necromancy     | 1 2 3 |  3.0
Translocations | 1 2 3 |  3.0
Fire Magic     | 1 2 3 |  3.0
Ice Magic      | 1 2 3 |  3.0
Air Magic      | 1 2 3 |  3.0
Poison Magic   | 1 2 3 |  3.0
Dodging        | 5 6 |  6.0
Stealth        | 5 |  5.6
Earth Magic    | 6 |  6.3

Action                   |  1- 3 |  4- 6 |  7- 9 || total
-------------------------+-------+-------+-------++-------
Melee: Hunting sling     |       |     2 |       ||     2
       Staff             |       |       |     6 ||     6
 Fire: Hunting sling     |     1 |    97 |    77 ||   175
 Cast: Sandblast         |    31 |    70 |    32 ||   133
       Stone Arrow       |       |       |    63 ||    63
Invok: Stomp             |       |       |     2 ||     2
  Use: Scroll            |     5 |       |     7 ||    12
       Potion            |       |     4 |     4 ||     8
 Stab: Paralysed         |       |       |     2 ||     2
Armor: Robe              |     1 |    15 |    16 ||    32
       Skin              |       |       |    74 ||    74
Dodge: Dodged            |     7 |    46 |    72 ||   125

Table legend: (Time is in decaauts)
 A = Elapsed time spent in this place.
 B = Non-inter-level travel time spent in this place.
 C = Inter-level travel time spent in this place.
 D = Time resting spent in this place.
 E = Time spent auto-exploring this place.
 F = Levels seen in this place.
 G = Mean time per level.
                   A        B        C        D        E       F      G
               +--------+--------+--------+--------+--------+-----+--------+
         Total |   7530 |   7354 |    176 |   2998 |   2980 |   5 | 1506.0 |
       Dungeon |   7530 |   7354 |    176 |   2998 |   2980 |   5 | 1506.0 |
               +--------+--------+--------+--------+--------+-----+--------+

Top non-repeatable levels by time:
     D:5: 2517 daAuts
     D:4: 1834 daAuts
     D:2: 1405 daAuts
     D:3: 1116 daAuts
     D:1: 656 daAuts
